 Dungeon Crawl Stone Soup version bcrawl-1.37 (webtiles) character file.

Game seed: 17384123583006063769

150254 Earthwalker the Slasher (level 5, 0/44 HPs)
             Began as a Draconian Skald on Oct 4, 2022.
             Slain by a bullfrog (6 damage)
             ... on level 3 of the Dungeon.
             The game lasted 00:19:12 (2372 turns).

Earthwalker the Slasher (Draconian Skald)           Turns: 2372, Time: 00:19:12

Health: 0/44       AC:  6    Str: 15    XL:     5   Next: 17%
Magic:  6/8        EV: 12    Int: 13    God:
Gold:   164        SH:  0    Dex: 10    Spells: 7/8 levels left

rFire    . . .     GDR:     22% a - +0 long sword
rCold    . . .     SeeInvis .   (no shield)
rNeg     . . .     Gourm    .   (armour unavailable)
rPois    .         Faith    .   (helmet restricted)
rElec    .         Spirit   .   (no cloak)
rCorr    .         Reflect  .   v - +0 pair of gloves
MR       .....                  (no boots)
Stlth    +.........             c - amulet of magic regeneration
HPRegen  0.14/turn              (no ring)
MPRegen  0.23/turn              (no ring)

@: infused, very slightly contaminated
A: unfitting armour, cold-blooded, AC +5
a: no special abilities


You were on level 3 of the Dungeon.
You were not hungry.

You visited 1 branch of the dungeon, and saw 3 of its levels.

You collected 164 gold pieces.

Inventory:

Hand Weapons
 a - a +0 long sword (weapon)
 f - a cursed -1 dagger
 h - a +0 dagger
 l - a +0 whip
 n - a +0 club
 p - a +0 club
 q - a +0 short sword
 r - a +0 club
 x - a +0 short sword
 y - a +0 war axe of freezing
Missiles
 m - 388 stones (quivered)
 t - 285 arrows
Armour
 b - a +0 leather armour
 v - a +0 pair of gloves (worn)
Jewellery
 c - an amulet of magic regeneration (around neck)
Scrolls
 d - a scroll of fear
 i - a scroll of remove curse
 k - a scroll of immolation
 o - a scroll of teleportation
 u - 2 scrolls of noise {unknown}
 w - 2 scrolls of amnesia
 z - a scroll of enchant armour {unknown}
Potions
 g - 2 potions of curing
 j - a potion of might
 s - a potion of agility {unknown}
Comestibles
 e - a ration {!d}


   Skills:
 + Level 2.9 Fighting
 + Level 3.6 Long Blades
 + Level 2.8 Dodging
 + Level 0.2 Stealth
 + Level 2.3 Spellcasting
 + Level 3.5 Charms


You had 7 spell levels left.
You knew the following spells:

 Your Spells              Type           Power        Failure   Level  Hunger
a - Infusion              Chrm           ##......     6%          1    None

Your spell library contained the following spells:

 Spells                   Type           Power        Failure   Level  Hunger
 Song of Slaying          Chrm           ##......     9%          2    ##.....
 Swiftness                Chrm/Air       #.......     19%         2    ##.....
 Ozocubu's Armour         Chrm/Ice       #.......     34%         3    ####...
 Regeneration             Chrm/Necr      #.........   34%         3    ####...
 Spectral Weapon          Hex/Chrm       #.......     34%         3    ####...


Dungeon Overview and Level Annotations

Branches:
Dungeon (3/12)

Altars:


Innate Abilities, Weirdness & Mutations

Your plain brown scales are hard. (AC +5)
You cannot fit into any form of body armour.
You are cold-blooded and may be slowed by cold attacks.


Message History

The bullfrog is moderately wounded.
The bullfrog barely misses you.
You barely miss the bullfrog.
The bullfrog is moderately wounded.
The bullfrog closely misses you.
The bullfrog hits you but does no damage.
You barely miss the bullfrog.
The bullfrog is moderately wounded.
The bullfrog hits you!
* * * LOW HITPOINT WARNING * * *
The bullfrog hits you.
* * * LOW HITPOINT WARNING * * *
Casting: Infusion (safe; 6% risk of failure)
Confirm with . or Enter, or press ? or * to list all spells.
You begin infusing your attacks with magical energy.
The bullfrog misses you.
You hit the bullfrog.
The bullfrog is heavily wounded.
The bullfrog hits you.
You die...

#..# #.#
#..###..#.
#.....#
#...#.#
#.....#
#..###...#
#..## #.#
#...##...###
#.#.@F......
#.#..#.#####
#........
##########


You could see a bullfrog.

Vanquished Creatures
  3 adders (D:3)
  6 gnolls
  4 worms
  A dart slug (D:2)
  2 leopard geckos
  4 orcs
  5 bats
  A giant cockroach (D:1)
  3 goblins (D:1)
  7 hobgoblins
  5 jackals
  9 kobolds
  2 frilled lizards
  6 rats
58 creatures vanquished.

Notes
Turn   | Place    | Note
-------+----------+-------------------------------------------
     0 | D:1      | Earthwalker the Draconian Skald began the quest for the
                  | Orb.
     0 | D:1      | Reached XP level 1. HP: 17/17 MP: 3/3
   171 | D:1      | Reached XP level 2. HP: 21/24 MP: 5/5
  1235 | D:2      | Reached XP level 3. HP: 20/30 MP: 6/6
  1596 | D:2      | Reached XP level 4. HP: 22/37 MP: 7/7
  2291 | D:3      | Reached XP level 5. HP: 24/42 MP: 8/8
  2372 | D:3      | Slain by a bullfrog

Skill      XL: |  1  2  3  4 |
---------------+-------------+-----
Charms         | 3 |  3.5
Long Blades    | 3 |  3.6
Fighting       | |  2.9
Dodging        | |  2.8
Stealth        | |  0.2
Spellcasting   | |  2.3

Action                   |  1- 3 |  4- 6 || total
-------------------------+-------+-------++-------
Melee: Long sword        |   105 |    81 ||   186
       Tailslap          |    10 |     5 ||    15
 Cast: Infusion          |     2 |    13 ||    15
  Use: Scroll            |     4 |     3 ||     7
  Eat: Ration            |     2 |     1 ||     3
       Chunk             |       |     1 ||     1
Armor: Skin              |    19 |    25 ||    44
Dodge: Dodged            |    55 |    38 ||    93
